 Dungeon Crawl Stone Soup version 0.28.0 (webtiles) character file.

Game seed: 903298411840743315

2476 zazu2006 the Sneak (level 9, -1/75 HPs)
             Began as a Naga Hedge Wizard on Feb 13, 2022.
             Slain by an eight-headed hydra (13 damage)
             ... on level 10 of the Dungeon.
             The game lasted 00:11:43 (7551 turns).

zazu2006 the Sneak (Naga Hedge Wizard)              Turns: 7551, Time: 00:11:43

Health: -1/75      AC:  6    Str: 21    XL:     9   Next: 51%
Magic:  19/19      EV: 10    Int: 17    God:
Gold:   296        SH:  0    Dex: 10    Spells: 13/22 levels left

rFire   . . .      SeeInvis +   n - +2 dagger (venom)
rCold   . . .      Faith    .   (no shield)
rNeg    . . .      Spirit   .   p - +0 leather armour
rPois   +          Reflect  .   c - +0 hat
rElec   .          Harm     .   l - +0 cloak
rCorr   +          Rampage  .   (no gloves)
Will    +....                   (no barding)
Stlth   +++.......              d - amulet of regeneration
HPRegen 1.02/turn               f - ring of resist corrosion
MPRegen 0.16/turn               B - +6 ring of strength

@: very slow
A: AC +3, large, see invisible, deformed body, poison resistance, slowness 2,
spit poison 1, naga tail 1
a: Spit Poison


You were on level 10 of the Dungeon.
You visited 1 branch of the dungeon, and saw 8 of its levels.

You collected 296 gold pieces.

Inventory:

Hand Weapons
 b - a +0 falchion
 n - a +2 dagger of venom (weapon)
Armour
 c - a +0 hat (worn)
 l - a +0 cloak (worn)
 p - a +0 leather armour (worn)
 x - the +0 robe of the Gardener {Dex+9}
   (You found it on level 6 of the Dungeon)

   Dex:       It affects your dexterity (+9).
Jewellery
 d - an amulet of regeneration (around neck)
 f - a ring of resist corrosion (left hand)
 v - a ring of flight
 B - a +6 ring of strength (right hand)
Wands
 i - a wand of iceblast (8)
 m - a wand of digging (6)
 y - a wand of acid (4)
Scrolls
 g - 3 scrolls of identify {unknown}
 h - 3 scrolls of acquirement {unknown}
 j - a scroll of summoning {unknown}
 k - 2 scrolls of fog {unknown}
 o - 4 scrolls of teleportation {unknown}
 q - 2 scrolls of holy word {unknown}
 t - 2 scrolls of vulnerability {unknown}
 u - a scroll of fear {unknown}
 A - a scroll of immolation {unknown}
Potions
 a - a potion of lignification {unknown}
 e - 2 potions of heal wounds {unknown}
 r - 2 potions of haste {unknown}
 s - a potion of curing {unknown}
 w - a potion of degeneration {unknown}
 z - a potion of ambrosia {unknown}


   Skills:
 + Level 3.1 Fighting
 + Level 3.2 Armour
 + Level 4.0 Dodging
 + Level 7.5 Stealth
 + Level 7.0 Spellcasting
 + Level 5.4 Conjurations
 + Level 1.0 Summonings
 + Level 1.0 Translocations
 + Level 0.3 Fire Magic
 + Level 1.1 Air Magic
 * Level 2.9 Poison Magic
 + Level 0.1 Evocations


You had 13 spell levels left.
You knew the following spells:

 Your Spells              Type           Power      Damage    Failure   Level
a - Magic Dart            Conj           96%        1d7       1%          1
b - Mephitic Cloud        Conj/Pois/Air  16%        N/A       11%         3
c - Conjure Flame         Conj/Fire      15%        6-21      12%         3
d - Blink                 Tloc           18%        N/A       13%         2

Your spell library contained the following spells:

 Spells                   Type           Power      Damage    Failure   Level
 Slow                     Hex            24%        N/A       13%         1
 Call Imp                 Summ           9%         N/A       13%         2
 Call Canine Familiar     Summ           9%         N/A       26%         3
 Portal Projectile        Hex/Tloc       14%        N/A       32%         3
 Animate Dead             Necr           3%         N/A       78%         4
 Leda's Liquefaction      Hex/Erth       3%         N/A       78%         4
 Haunt                    Necr/Summ      3%         N/A       100%        7
 Infestation              Necr           3%         N/A       100%        8


Dungeon Overview and Level Annotations

Branches:
Dungeon (7/15)             Temple (0/1) D:7

Altars:
Nemelex Xobeh

Shops:
D:5 *   D:6 =

Annotations:
D:5 1 runed translucent door, ZombieSheep's ghost, amateur DsBe


Innate Abilities, Weirdness & Mutations

Your serpentine skin is tough. (AC +3)
You have supernaturally acute eyesight. (SInv)
Armour fits poorly on your strangely shaped body.
Your system is resistant to poisons. (rPois)
You cover ground very slowly.
You can spit poison.
You have a snake-like lower body.


Message History

Aim: an eight-headed hydra (heavily wounded, 90% to hit)
The bolt of acid hits the eight-headed hydra!
The acid corrodes the eight-headed hydra!
The eight-headed hydra is severely wounded.
The bolt of acid hits the kobold brigand!
You kill the kobold brigand!
Unknown command.
Unknown command.
Unknown command.
Aiming: Corrosive Bolt
Press: ? - help, Shift-Dir - straight line, f/p - eight-headed hydra
Aim: an eight-headed hydra (severely wounded, covered in acid, 90% to hit)
The bolt of acid hits the eight-headed hydra!
The eight-headed hydra seems to be corroded for longer.
The eight-headed hydra is almost dead.
The bolt of acid hits the kobold!
You kill the kobold!
The eight-headed hydra bites you. The eight-headed hydra bites you! x2
The eight-headed hydra barely misses you.
The eight-headed hydra bites you but does no damage. x3
The eight-headed hydra closely misses you.
Unknown command.
Unknown command.
Unknown command.
Unknown command.
Aiming: Corrosive Bolt
Press: ? - help, Shift-Dir - straight line, f/p - eight-headed hydra
Aim: an eight-headed hydra (severely wounded, covered in acid, 90% to hit)
The bolt of acid hits the eight-headed hydra!
The eight-headed hydra is almost dead.
The eight-headed hydra bites you!
The eight-headed hydra bites you but does no damage.
The eight-headed hydra closely misses you.
The eight-headed hydra bites you! The eight-headed hydra bites you.
The eight-headed hydra bites you!
* * * LOW HITPOINT WARNING * * *
The eight-headed hydra bites you.
* * * LOW HITPOINT WARNING * * *
The eight-headed hydra bites you!
You die...

############
...........#
...........#
...........# .
...###....## ..#
.####+####....##...##
......(.......)..).).
...........)@D..)..).
.....................
.####..###...###..###
#.. #...# ..# ....
#..... ... .....
#...... .... .....
#...... ... #.....


You could see an eight-headed hydra (corroded).

Vanquished Creatures
  A yak (D:7)
  3 water moccasins
  A sky beast (D:7)
  A necrophage (D:5)
  An ogre (D:7)
  3 centaurs
  2 phantoms
  2 kobold brigands
  Blork the orc (D:4)
  A bullfrog (D:7)
  5 scorpions
  A wyvern zombie (D:7)
  A water moccasin zombie (D:5)
  3 killer bees (D:7)
  A bullfrog zombie (D:6)
  2 centaur zombies
  2 hounds
  A jelly (D:7)
  A bullfrog skeleton (D:5)
  Ijyb (D:3)
  4 iguanas
  2 orc wizards
  2 killer bee zombies (D:6)
  A hound zombie (D:5)
  A hound skeleton (D:4)
  3 adders (D:2)
  An ufetubus (D:4)
  A worm (D:4)
  2 dart slugs (D:4)
  8 orcs
  5 bats
  10 endoplasms
  5 giant cockroaches
  6 goblins
  9 hobgoblins
  2 quokkas
  8 ball pythons
  3 frilled lizards (D:1)
  16 kobolds
  A quokka skeleton (D:4)
  5 rats
129 creatures vanquished.

Vanquished Creatures (others)
  2 withered plants (D:5)
2 creatures vanquished.

Grand Total: 131 creatures vanquished

Notes
Turn   | Place    | Note
-------+----------+-------------------------------------------
     0 | D:1      | zazu2006 the Naga Hedge Wizard began the quest for the Orb.
     0 | D:1      | Reached XP level 1. HP: 15/15 MP: 4/4
   559 | D:1      | Reached XP level 2. HP: 22/22 MP: 1/6
  1127 | D:1      | Reached XP level 3. HP: 22/28 MP: 1/8
  1131 | D:1      | Learned a level 3 spell: Mephitic Cloud
  1135 | D:1      | Learned a level 3 spell: Conjure Flame
  1138 | D:1      | Learned a level 2 spell: Blink
  1230 | D:1      | Found a faded altar of an unknown god.
  2177 | D:2      | Reached XP level 4. HP: 36/36 MP: 3/10
  2899 | D:3      | Noticed Ijyb
  2911 | D:3      | Killed Ijyb
  3775 | D:4      | Reached XP level 5. HP: 42/42 MP: 7/11
  3843 | D:4      | Noticed Blork the orc
  3854 | D:4      | Killed Blork the orc
  3855 | D:4      | Reached XP level 6. HP: 40/49 MP: 8/13
  4180 | D:4      | Found a sparkling altar of Nemelex Xobeh.
  4383 | D:4      | Reached skill level 5 in Spellcasting
  4646 | D:5      | Entered Level 5 of the Dungeon
  4730 | D:5      | Reached skill level 1 in Armour
  4831 | D:5      | Found Ginodgh's Mayhem Merchandise.
  4836 | D:5      | Reached XP level 7. HP: 49/56 MP: 14/14
  4886 | D:5      | Reached skill level 5 in Stealth
  4999 | D:5      | Reached skill level 1 in Fighting
  5308 | D:5      | Reached XP level 8. HP: 54/64 MP: 16/16
  5320 | D:5      | Found a runed translucent door.
  5320 | D:5      | Noticed ZombieSheep's ghost (amateur DsBe)
  6006 | D:6      | Identified the +0 robe of the Gardener {Dex+9}
  6325 | D:6      | Reached skill level 1 in Air Magic
  6357 | D:6      | Found Pistim's Jewellery Shoppe.
  6749 | D:6      | Reached skill level 1 in Poison Magic
  7018 | D:7      | Reached skill level 5 in Conjurations
  7022 | D:7      | Noticed a yak
  7032 | D:7      | Reached XP level 9. HP: 58/74 MP: 8/18
  7297 | D:7      | Found a staircase to the Ecumenical Temple.
  7505 | D:7      | You fall into a shaft and drop 3 floors!
  7505 | D:10     | Entered Level 10 of the Dungeon
  7543 | D:10     | Noticed an eight-headed hydra
  7551 | D:10     | Slain by an eight-headed hydra

Illustrated notes

Levels and vault maps discovered:
D:1:      minmay_arrival_jagged, layout_loops_corners,
          hellmonk_ecumenical_altar_crossroads
D:2:      minmay_skewed_foursquare, layout_rooms, kennysheep_another_room
D:3:      layout_loops_ring, minmay_misc_feat_diagonals, grunt_ministairs_2,
          st_stairs_1, uniq_ijyb
D:4:      layout_loops_cross, pf_just_have_faith, uniq_blork_the_orc
D:5:      layout_loops_ring, gammafunk_ghost_grave, grunt_decor_clamped,
          minmay_shop_mayhem
D:6:      layout_loops_ring, serial_shops, nicolae_lakefront_shop
D:7:      layout_rooms, minmay_temple_entry_from_below_a, minmay_manual_moon
D:10:     layout_gridville, orc_david_3, hangedman_decor_push,
          guppyfry_shop_venom, uniq_erolcha

Skill      XL: |  1  2  3  4  5  6  7  8  9 |
---------------+----------------------------+-----
Spellcasting   | 4 5 6 7 |  7.0
Conjurations   | 2 3 4 5 |  5.4
Dodging        | 2 3 4 |  4.0
Stealth        | 4 5 7 |  7.5
Armour         | 1 2 3 |  3.2
Fighting       | 1 2 3 |  3.1
Air Magic      | 1 |  1.1
Poison Magic   | 1 2 |  2.9
Summonings     | |  1.0
Translocations | |  1.0
Fire Magic     | |  0.3
Evocations     | |  0.1

Action                   |  1- 3 |  4- 6 |  7- 9 || total
-------------------------+-------+-------+-------++-------
Melee: Dagger            |     6 |    53 |   164 ||   223
       Punch             |       |     1 |     1 ||     2
 Cast: Magic Dart        |    82 |    77 |   105 ||   264
       Mephitic Cloud    |       |     3 |     7 ||    10
       Conjure Flame     |       |       |     7 ||     7
       Blink             |       |       |     1 ||     1
 Abil: Spit Poison       |     7 |     4 |       ||    11
Evoke: Wand              |       |     1 |     6 ||     7
 Stab: Sleeping          |       |     5 |     3 ||     8
       Confused          |       |     1 |     2 ||     3
Armor: Robe              |     5 |       |       ||     5
       Leather armour    |       |    15 |   122 ||   137
Dodge: Dodged            |    11 |    17 |   131 ||   159
